 Dungeon Crawl Stone Soup version 0.27-a0-1280-g9d2d252d84 (webtiles) character file.

Game seed: 4877803515216435530

245 Johnny the Magician (level 5, 0/32 HPs)
             Began as a Deep Elf Earth Elementalist on June 13, 2021.
             Slain by an ogre (25 damage)
             ... on level 5 of the Dungeon.
             The game lasted 00:02:36 (3767 turns).

Johnny the Magician (Deep Elf Earth Elementalist)   Turns: 3767, Time: 00:02:36

Health: 0/32       AC:  7    Str:  5    XL:     5   Next: 84%
Magic:  14/14      EV:  9    Int: 21    God:
Gold:   186        SH:  0    Dex: 15    Spells: 9/13 levels left

rFire    . . .     SeeInvis +   o - +1 dagger (venom)
rCold    . . .     Faith    .   (no shield)
rNeg     . . .     Spirit   .   m - +2 ring mail of Agnosticism {SInv}
rPois    .         Reflect  .   (no helmet)
rElec    .         Harm     .   (no cloak)
rCorr    +         Rampage  .   (no gloves)
Will     .....                  (no boots)
Stlth    +.........             (no amulet)
HPRegen  0.10/turn              a - ring of resist corrosion
MPRegen  0.14/turn              (no ring)

@: no status effects
A: no striking features
a: no special abilities


You were on level 5 of the Dungeon.
You visited 1 branch of the dungeon, and saw 5 of its levels.

You collected 186 gold pieces.

Inventory:

Hand Weapons
 o - a +1 dagger of venom (weapon)
Missiles
 b - 4 stones
Armour
 c - a +0 robe
 m - the +2 ring mail of Agnosticism (worn) {SInv}
   (You found it on level 4 of the Dungeon)

   It lets you see invisible.
 p - a +0 kite shield
Jewellery
 a - a ring of resist corrosion (left hand)
Wands
 k - a wand of digging (3)
Scrolls
 e - a scroll of identify {unknown}
 g - a scroll of fear {unknown}
 h - a scroll of acquirement {unknown}
 j - a scroll of magic mapping {unknown}
 l - a scroll of noise {unknown}
 n - a scroll of holy word {unknown}
Potions
 d - a potion of degeneration {unknown}
 f - a potion of might {unknown}
 i - 2 potions of curing {unknown}


   Skills:
 * Level 3.2 Fighting
 - Level 2.4 Dodging
 - Level 2.4 Stealth
 + Level 4.8 Spellcasting
 - Level 1.1 Transmutations
 + Level 4.6 Earth Magic


You had 9 spell levels left.
You knew the following spells:

 Your Spells              Type           Power      Damage    Failure   Level
a - Sandblast             Erth           48%        2d12      9%          1
b - Stone Arrow           Conj/Erth      28%        3d8       52%         3

Your spell library contained the following spells:

 Spells                   Type           Power      Damage    Failure   Level
 Passwall                 Tmut/Erth      14%        N/A       26%         2
 Beastly Appendage        Tmut           18%        N/A       34%         1
 Wereblood                Tmut           9%         N/A       45%         2
 Corona                   Hex            5%         N/A       47%         1
 Foxfire                  Conj/Fire      20%        2x1d5     47%         1
 Ensorcelled Hibernation  Hex/Ice        10%        N/A       63%         2
 Spider Form              Tmut/Pois      3%         N/A       77%         3
 Confusing Touch          Hex            5%         N/A       85%         3
 Conjure Flame            Conj/Fire      5%         6-21      85%         3
 Dazzling Flash           Conj/Hex       10%        N/A       85%         3
 Inner Flame              Hex/Fire       5%         N/A       85%         3
 Tukima's Dance           Hex            5%         N/A       85%         3
 Petrify                  Tmut/Erth      17%        N/A       86%         4
 Lee's Rapid Deconstruct  Erth           12%        3d9*      92%         5
 Ice Form                 Ice/Tmut       7%         N/A       99%         4
 Sticky Flame             Conj/Fire      5%         2d3       99%         4
 Fireball                 Conj/Fire      2%         3d4       100%        5


Dungeon Overview and Level Annotations

Branches:
Dungeon (5/15)
 Temple: D:4-7

Altars:


Message History

Confirm with . or Enter, or press ? or * to list all spells.
Aiming: Sandblast (safe; 9% risk of failure)
Press: ? - help, Shift-Dir - straight line, f/p - water moccasin zombie
Aim: a water moccasin zombie (almost destroyed, 81% to hit)
The blast of sand hits the water moccasin zombie!
You destroy the water moccasin zombie!
Your Fighting skill increases to level 3!
Casting: Sandblast (safe; 9% risk of failure)
Confirm with . or Enter, or press ? or * to list all spells.
You can't see any susceptible monsters within range! (Use Z to cast anyway.) This spell is extremely dangerous to cast!
Memorise Stone Arrow, consuming 3 spell levels and leaving 9?
You start memorising the spell.
You continue memorising. x3
You finish memorising.
Spell assigned to 'b'.
Magic restored.
A hound comes into view.
A hound is nearby!
A hound is nearby!
A hound is nearby!
Found a scroll labelled MAOTUNK SUQOAG.
An ogre comes into view. It is wielding a +0 giant spiked club.
The ogre shouts!
A jelly comes into view.
You closely miss the hound. The hound bites you but does no damage.
You closely miss the hound.
The hound stops to sniff the ground.
The hound bites you. x2
The jelly quivers.
You hit the hound but do no damage.
The hound is poisoned.
The hound bites you.
You closely miss the hound. The hound bites you but does no damage.
The hound barely misses you. The ogre completely misses you.
You miss the hound.
The hound is lightly wounded.
The hound bites you but does no damage.
You hit the ogre.
The ogre is poisoned.
The ogre is lightly wounded.
The hound closely misses you.
The ogre hits you with a +0 giant spiked club!!
Ouch! That really hurt!
You die...

###### #....#
#..#.## .
###.....# ...
##.$....##...#
#..<...#...#.#
##....@h......
##....O#.....
#......J....
#.....##....
##...... ...
##...... ..
.#...... .
...#..?.


You could see an ogre (very poisoned), a hound (very poisoned) and a jelly.

Vanquished Creatures
  A water moccasin zombie (D:5)
  A centaur skeleton (D:4)
  Natasha (thrice) (D:2)
  An ufetubus (D:4)
  2 worms (D:2)
  2 dart slugs
  4 endoplasms
  9 giant cockroaches
  7 goblins
  7 hobgoblins
  3 jackals (D:1)
  8 quokkas
  6 ball pythons
  5 bats
  A frilled lizard (D:1)
  2 kobolds
  4 rats
66 creatures vanquished.

Notes
Turn   | Place    | Note
-------+----------+-------------------------------------------
     0 | D:1      | Johnny the Deep Elf Earth Elementalist began the quest for
                  | the Orb.
     0 | D:1      | Reached XP level 1. HP: 10/10 MP: 6/6
   326 | D:1      | Reached XP level 2. HP: 16/16 MP: 5/8
   456 | D:1      | Reached skill level 1 in Fighting
  1008 | D:1      | Reached XP level 3. HP: 20/20 MP: 8/10
  1591 | D:2      | Noticed Natasha
  1598 | D:2      | Killed Natasha
  1682 | D:2      | Reached XP level 4. HP: 26/26 MP: 9/11
  1736 | D:2      | Found a faded altar of an unknown god.
  1801 | D:2      | Noticed Natasha
  1806 | D:2      | Killed Natasha
  2208 | D:2      | Noticed Natasha
  2212 | D:2      | Killed Natasha
  2728 | D:3      | Reached XP level 5. HP: 30/31 MP: 11/13
  3365 | D:4      | Identified the +2 ring mail of Agnosticism {SInv}
  3712 | D:5      | Entered Level 5 of the Dungeon
  3722 | D:5      | Learned a level 3 spell: Stone Arrow
  3760 | D:5      | Noticed an ogre
  3767 | D:5      | Slain by an ogre

Illustrated notes

Levels and vault maps discovered:
D:1:      amcnicky_arrival_double_pillar, layout_loops_ring
D:2:      layout_loops_ring, hellmonk_ecumenical_altar_inner_sanctum,
          uniq_natasha
D:3:      minmay_roachtagon, layout_basic, hex_intersection
D:4:      layout_rooms
D:5:      layout_cave_pools, serial_shops, nicolae_shop_waterfront,
          uniq_eustachio, uniq_ijyb

Skill      XL: |  1  2  3  4  5 |
---------------+----------------+-----
Fighting       | 1 2 3 |  3.2
Spellcasting   | 4 |  4.8
Earth Magic    | 4 |  4.6
Dodging        | |  2.4
Stealth        | |  2.4
Transmutations | |  1.1

Action                   |  1- 3 |  4- 6 || total
-------------------------+-------+-------++-------
Melee: Unarmed           |    11 |     7 ||    18
       Dagger            |       |     6 ||     6
 Cast: Sandblast         |    47 |    52 ||    99
Armor: Robe              |     5 |     5 ||    10
       Ring mail         |       |     4 ||     4
Dodge: Dodged            |    22 |    22 ||    44

Table legend: (Time is in decaauts)
 A = Elapsed time spent in this place.
 B = Non-inter-level travel time spent in this place.
 C = Inter-level travel time spent in this place.
 D = Time resting spent in this place.
 E = Time spent auto-exploring this place.
 F = Levels seen in this place.
 G = Mean time per level.
                   A        B        C        D        E       F      G
               +--------+--------+--------+--------+--------+-----+--------+
         Total |   3765 |   3665 |    100 |    237 |   3075 |   5 |  753.0 |
       Dungeon |   3765 |   3665 |    100 |    237 |   3075 |   5 |  753.0 |
               +--------+--------+--------+--------+--------+-----+--------+

Top non-repeatable levels by time:
     D:2: 1271 daAuts
     D:1: 1111 daAuts
     D:3: 719 daAuts
     D:4: 607 daAuts
     D:5: 54 daAuts
